3AAA
ELLENBURG FIGHTING DACHSUNDS @ AUSTIN BLACK MAMBAS
09/06/2041
 
TOP OF THE 1ST
Ellenburg Fighting Dachsunds batting - Pitching for Austin Black Mambas : RHP Tadayuki Ito
Pitching: RHP Tadayuki Ito
Batting: RHB Sze Qi 0-0: Called Strike
0-1: Ball
1-1: Foul Ball, location: 2F
1-2: Ball
2-2: Strikes out swinging
Batting: LHB Snow Wang 0-0: Foul Ball, location: 2F
0-1: Ground out U3 (Groundball, 34, EV 81.9 MPH)
Batting: LHB Mike Johnstone 0-0: Called Strike
0-1: Ball
1-1: Ground out U3 (Groundball, 3, EV 103.8 MPH)
Top of the 1st over - 0 runs, 0 hits, 0 errors, 0 left on base; Ellenburg 0 - Austin 0
BOTTOM OF THE 1ST
Austin Black Mambas batting - Pitching for Ellenburg Fighting Dachsunds : LHP Jeff McDermott
Pitching: LHP Jeff McDermott
Batting: RHB Ned Lyons 0-0: Called Strike
0-1: Ball
1-1: Called Strike
1-2: Ball
2-2: Ball
3-2: Strikes out swinging
Batting: LHB Rich Watkins 0-0: Ground out 4-3 (Groundball, 4, EV 83.8 MPH)
Batting: RHB Bailey Gribbins 0-0: Ball
1-0: Fly out, F7 (Line Drive, 7, EV 92.5 MPH)
Bottom of the 1st over - 0 runs, 0 hits, 0 errors, 0 left on base; Ellenburg 0 - Austin 0
TOP OF THE 2ND
Ellenburg Fighting Dachsunds batting - Pitching for Austin Black Mambas : RHP Tadayuki Ito
Batting: RHB Emílio Agramónte 0-0: Ball
1-0: DOUBLE (Flyball, 78D, EV 92.5 MPH)
Batting: LHB Chet Clifton 0-0: Ball
1-0: Swinging Strike
1-1: Ball
2-1: Fly out, F7 (Flyball, 7D, EV 84.4 MPH)
Runner from 2nd tags up, SAFE at 3rd with throw by LF
Batting: RHB Dean Bush 0-0: Called Strike
0-1: Swinging Strike
0-2: Ground out 6-3 (Groundball, 6D, EV 100.0 MPH)
Emílio Agramónte scores
Batting: RHB Miguel Montés 0-0: Ball
1-0: Foul Ball, location: 2F
1-1: Called Strike
1-2: Fly out, F8 (Flyball, 8RM, EV 92.5 MPH)
Top of the 2nd over - 1 run, 1 hit, 0 errors, 0 left on base; Ellenburg 1 - Austin 0
BOTTOM OF THE 2ND
Austin Black Mambas batting - Pitching for Ellenburg Fighting Dachsunds : LHP Jeff McDermott
Batting: LHB Tomás Muinos 0-0: Called Strike
0-1: Ball
1-1: Swinging Strike
1-2: Foul Ball, location: 2F
1-2: SINGLE (Flyball, 78M, EV 90.6 MPH)
Batting: RHB Cyrillo Watson 0-0: Swinging Strike
0-1: Ball
1-1: SINGLE (Groundball, 56D, EV 98.8 MPH)
Tomás Muinos to second
Batting: RHB Daniel Lindsey 0-0: Foul Ball, location: 2F
0-1: 3-RUN HOME RUN (Flyball, 9D, EV 93.1 MPH), Distance : 360 ft
Batting: RHB Doug Page 0-0: Fly out, F8 (Flyball, 8RD, EV 85.6 MPH)
Batting: RHB Francisco Ortíz 0-0: Ball
1-0: Called Strike
1-1: Ball
2-1: SINGLE (Line Drive, 6MD, EV 105.6 MPH)
Batting: SHB Fergus Stidston 0-0: Ball
1-0: Ball
2-0: Swinging Strike
2-1: Foul Ball, location: 2F
2-2: Ball
3-2: Ground out 5-3 (Groundball, 56S, EV 67.5 MPH)
Francisco Ortíz to second
Batting: RHB Ned Lyons 0-0: Ball
1-0: Ball
2-0: Ball
3-0: Swinging Strike
3-1: Base on Balls
Batting: LHB Rich Watkins 0-0: Called Strike
0-1: Ground out 4-3 (Groundball, 4S, EV 66.9 MPH)
Bottom of the 2nd over - 3 runs, 4 hits, 0 errors, 2 left on base; Ellenburg 1 - Austin 3
TOP OF THE 3RD
Ellenburg Fighting Dachsunds batting - Pitching for Austin Black Mambas : RHP Tadayuki Ito
Batting: LHB Larry Moore 0-0: Foul Ball, location: 2F
0-1: Ball
1-1: Ball
2-1: Foul Ball, location: 2F
2-2: Ball
3-2: Strikes out swinging
Batting: RHB Álex Maroto 0-0: Called Strike
0-1: Foul Ball, location: 2F
0-2: SINGLE (Groundball, 4D, EV 109.4 MPH)
Batting: RHB Sze Qi 0-0: Called Strike
0-1: Ball
1-1: Ball
2-1: 2-RUN HOME RUN (Line Drive, 7D, EV 105.6 MPH), Distance : 422 ft
Batting: LHB Snow Wang 0-0: Ground out U3 (Groundball, 3, EV 82.5 MPH)
Batting: LHB Mike Johnstone 0-0: Foul Ball, location: 2F
0-1: Ball
1-1: Foul Ball, location: 2F
1-2: Ball
2-2: Foul Ball, location: 2F
2-2: Fly out, F7 (Flyball, 7LS, EV 95.6 MPH)
Top of the 3rd over - 2 runs, 2 hits, 0 errors, 0 left on base; Ellenburg 3 - Austin 3
BOTTOM OF THE 3RD
Austin Black Mambas batting - Pitching for Ellenburg Fighting Dachsunds : LHP Jeff McDermott
Batting: RHB Bailey Gribbins 0-0: Called Strike
0-1: Called Strike
0-2: Ball
1-2: Ball
2-2: Ball
3-2: Ground out 4-3 (Groundball, 4M, EV 81.2 MPH)
Batting: LHB Tomás Muinos 0-0: Called Strike
0-1: Swinging Strike
0-2: SOLO HOME RUN (Flyball, 89XD, EV 95.6 MPH), Distance : 431 ft
Batting: RHB Cyrillo Watson 0-0: Ball
1-0: Ball
2-0: SINGLE (Line Drive, 4D, EV 103.8 MPH)
Batting: RHB Daniel Lindsey 0-0: Called Strike
0-1: Swinging Strike
0-2: Strikes out swinging
Batting: RHB Doug Page 0-0: Called Strike
0-1: Ball
1-1: Ball
2-1: Ball
3-1: Foul Ball, location: 2F
3-2: Foul Ball, location: 2F
3-2: Base on Balls
Cyrillo Watson to second
Batting: RHB Francisco Ortíz 0-0: Ball
1-0: Ball
2-0: Ball
3-0: Base on Balls
Cyrillo Watson to third
Doug Page to second
Batting: SHB Fergus Stidston 0-0: Called Strike
0-1: Foul Ball, location: 2F
0-2: Ball
1-2: Foul Ball, location: 2F
1-2: Strikes out looking
Bottom of the 3rd over - 1 run, 2 hits, 0 errors, 3 left on base; Ellenburg 3 - Austin 4
TOP OF THE 4TH
Ellenburg Fighting Dachsunds batting - Pitching for Austin Black Mambas : RHP Tadayuki Ito
Batting: RHB Emílio Agramónte 0-0: Ball
1-0: Ground out 5-3 (Groundball, 56, EV 87.5 MPH)
Batting: LHB Chet Clifton 0-0: Foul Ball, location: 2F
0-1: Ball
1-1: Ball
2-1: Ground out 5-3 (Groundball, 5, EV 104.4 MPH)
Batting: RHB Dean Bush 0-0: Called Strike
0-1: Bunt for hit to 13S - play at first, batter OUT! 1-3
Top of the 4th over - 0 runs, 0 hits, 0 errors, 0 left on base; Ellenburg 3 - Austin 4
BOTTOM OF THE 4TH
Austin Black Mambas batting - Pitching for Ellenburg Fighting Dachsunds : LHP Jeff McDermott
Batting: RHB Ned Lyons 0-0: Called Strike
0-1: Ball
1-1: Foul Ball, location: 2F
1-2: Foul Ball, location: 2F
1-2: Ground out 1-3 (Groundball, 15, EV 82.5 MPH)
Batting: LHB Rich Watkins 0-0: Ball
1-0: Ball
2-0: Called Strike
2-1: Ball
3-1: Foul Ball, location: 2F
3-2: Base on Balls
Batting: RHB Bailey Gribbins 0-0: Ball
1-0: Called Strike
1-1: Ball
2-1: Ball
3-1: Base on Balls
Rich Watkins to second
Batting: LHB Tomás Muinos 0-0: Ball
1-0: SINGLE (Flyball, 8LS, EV 88.8 MPH)
Rich Watkins to third
Bailey Gribbins to second
Runner from 3rd tries for Home, SAFE, throw by CF to home
Pitching: LHP Riley Evans
Batting: RHB Cyrillo Watson 0-0: Ball
1-0: Ball
2-0: Grounds into double play, 6-4-3 (Groundball, 56, EV 84.4 MPH)
Bottom of the 4th over - 1 run, 1 hit, 0 errors, 1 left on base; Ellenburg 3 - Austin 5
TOP OF THE 5TH
Ellenburg Fighting Dachsunds batting - Pitching for Austin Black Mambas : RHP Tadayuki Ito
Batting: RHB Miguel Montés 0-0: Called Strike
0-1: Ball
1-1: Fly out, F8 (Line Drive, 8RM, EV 96.9 MPH)
Batting: LHB Larry Moore 0-0: Foul Ball, location: 2F
0-1: Called Strike
0-2: Ground out 6-3 (Groundball, 6M, EV 107.5 MPH)
Batting: RHB Álex Maroto 0-0: Fly out, F8 (Line Drive, 8LD, EV 93.1 MPH)
Top of the 5th over - 0 runs, 0 hits, 0 errors, 0 left on base; Ellenburg 3 - Austin 5
BOTTOM OF THE 5TH
Austin Black Mambas batting - Pitching for Ellenburg Fighting Dachsunds : LHP Riley Evans
Batting: RHB Daniel Lindsey 0-0: Foul Ball, location: 2F
0-1: Foul Ball, location: 2F
0-2: Strikes out swinging
Batting: RHB Doug Page 0-0: Foul Ball, location: 2F
0-1: Called Strike
0-2: Ball
1-2: Ball
2-2: Fly out, F8 (Flyball, 8LXD, EV 90.0 MPH)
Batting: RHB Francisco Ortíz 0-0: Foul Ball, location: 2F
0-1: Ball
1-1: Ground out 6-3 (Groundball, 6D, EV 85.6 MPH)
Bottom of the 5th over - 0 runs, 0 hits, 0 errors, 0 left on base; Ellenburg 3 - Austin 5
TOP OF THE 6TH
Ellenburg Fighting Dachsunds batting - Pitching for Austin Black Mambas : RHP Tadayuki Ito
Batting: RHB Sze Qi 0-0: Ball
1-0: Ball
2-0: Fly out, F2 (Popup, 2LF, EV 93.1 MPH)
Batting: LHB Snow Wang 0-0: Called Strike
0-1: Ground out 6-3 (Groundball, 6, EV 83.1 MPH)
Batting: LHB Mike Johnstone 0-0: Ground out 4-3 (Groundball, 4S, EV 81.9 MPH)
Top of the 6th over - 0 runs, 0 hits, 0 errors, 0 left on base; Ellenburg 3 - Austin 5
BOTTOM OF THE 6TH
Austin Black Mambas batting - Pitching for Ellenburg Fighting Dachsunds : LHP Riley Evans
Batting: SHB Fergus Stidston 0-0: SINGLE (Groundball, 56D, EV 107.5 MPH)
Batting: RHB Ned Lyons 0-0: Ball
1-0: Bunted foul
1-1: Sac Bunt to 2R - play at first, batter OUT! 2-4
Fergus Stidston to second
Batting: LHB Rich Watkins 0-0: Ball
1-0: Foul Ball, location: 2F
1-1: DOUBLE (Flyball, 78XD, EV 93.8 MPH)
Fergus Stidston scores
Batting: RHB Bailey Gribbins 0-0: Foul Ball, location: 2F
0-1: Ball
1-1: Foul Ball, location: 2F
1-2: Ball
2-2: Ball
3-2: Fly out, F5 (Popup, 5SF, EV 78.1 MPH)
Batting: LHB Tomás Muinos 0-0: Ball
1-0: Fly out, F7 (Line Drive, 7, EV 91.9 MPH)
Bottom of the 6th over - 1 run, 2 hits, 0 errors, 1 left on base; Ellenburg 3 - Austin 6
TOP OF THE 7TH
Ellenburg Fighting Dachsunds batting - Pitching for Austin Black Mambas : RHP Tadayuki Ito
Now at 1B: Doug Day
Batting: RHB Emílio Agramónte 0-0: Ball
1-0: Called Strike
1-1: Ball
2-1: Ground out 5-3 (Groundball, 56, EV 91.9 MPH)
Batting: LHB Chet Clifton 0-0: Ball
1-0: Ball
2-0: Foul Ball, location: 2F
2-1: Foul Ball, location: 2F
2-2: Foul Ball, location: 2F
2-2: Foul Ball, location: 2F
2-2: Foul Ball, location: 2F
2-2: Ball
3-2: SINGLE (Line Drive, 8RS, EV 88.1 MPH)
Batting: RHB Dean Bush 0-0: Called Strike
0-1: Ball
1-1: Called Strike
1-2: Ball
2-2: Foul Ball, location: 2F
2-2: Ball
3-2: Strikes out swinging
Batting: RHB Miguel Montés 0-0: Ball
1-0: Swinging Strike
1-1: Ball
2-1: Foul Ball, location: 2F
2-2: Foul Ball, location: 2F
2-2: Fly out, F7 (Flyball, 7LSF, EV 80.6 MPH)
Top of the 7th over - 0 runs, 1 hit, 0 errors, 1 left on base; Ellenburg 3 - Austin 6
BOTTOM OF THE 7TH
Austin Black Mambas batting - Pitching for Ellenburg Fighting Dachsunds : LHP Riley Evans
Batting: RHB Cyrillo Watson 0-0: SINGLE (Groundball, 56, EV 95.0 MPH)
Batting: RHB Daniel Lindsey 0-0: Fly out, F4 (Popup, 4S, EV 64.4 MPH)
Batting: RHB Doug Page 0-0: SINGLE (Flyball, 56D, EV 93.1 MPH)
Cyrillo Watson to second
Runner from 2nd tries for 3rd, SAFE, throw by LF made to third
Batting: RHB Francisco Ortíz 0-0: Ball
1-0: Swinging Strike
1-1: Fly out, F5 (Popup, 5SF, EV 72.5 MPH)
Batting: SHB Fergus Stidston 0-0: Swinging Strike
0-1: Swinging Strike
0-2: Strikes out looking
Bottom of the 7th over - 0 runs, 2 hits, 0 errors, 2 left on base; Ellenburg 3 - Austin 6
TOP OF THE 8TH
Ellenburg Fighting Dachsunds batting - Pitching for Austin Black Mambas : RHP Tadayuki Ito
Batting: LHB Larry Moore 0-0: SINGLE (Groundball, 34D, EV 101.9 MPH)
Batting: RHB Álex Maroto 0-0: Swinging Strike
0-1: Grounds into double play, 4-6-3 (Groundball, 4, EV 103.1 MPH)
Batting: RHB Sze Qi 0-0: Ball
1-0: Ball
2-0: Called Strike
2-1: Ball
3-1: Base on Balls
Pitching: RHP Francisco Esposo
Batting: LHB Snow Wang 0-0: Ball
1-0: Ball
2-0: Ball
3-0: Called Strike
3-1: TRIPLE (Line Drive, 9D, EV 103.1 MPH)
Sze Qi scores
Batting: LHB Mike Johnstone 0-0: Ball
1-0: Ball
2-0: Ball
3-0: Base on Balls
Batting: RHB Emílio Agramónte 0-0: Ball
1-0: Ball
2-0: Called Strike
2-1: SINGLE (Groundball, 4D, EV 102.5 MPH)
Snow Wang scores
Mike Johnstone to second
Runner from 2nd tries for 3rd, SAFE, no throw by CF
Batting: LHB Chet Clifton 0-0: Called Strike
0-1: Ball
1-1: Called Strike
1-2: Foul Ball, location: 2F
1-2: Foul Ball, location: 2F
1-2: Foul Ball, location: 2F
1-2: Ground out 1-3 (Groundball, 13S, EV 64.4 MPH)
Top of the 8th over - 2 runs, 3 hits, 0 errors, 2 left on base; Ellenburg 5 - Austin 6
BOTTOM OF THE 8TH
Austin Black Mambas batting - Pitching for Ellenburg Fighting Dachsunds : LHP Riley Evans
Batting: RHB Ned Lyons 0-0: Swinging Strike
0-1: Called Strike
0-2: Ball
1-2: Ground out 4-3 (Groundball, 4, EV 88.1 MPH)
Batting: LHB Rich Watkins 0-0: Fly out, F9 (Flyball, 9, EV 80.0 MPH)
Batting: RHB Bailey Gribbins 0-0: Called Strike
0-1: Ball
1-1: Ball
2-1: Swinging Strike
2-2: Ball
3-2: SINGLE (Flyball, 8LS, EV 85.6 MPH)
Batting: RHB Doug Day 0-0: Fly out, F8 (Flyball, 8RD, EV 89.4 MPH)
Bottom of the 8th over - 0 runs, 1 hit, 0 errors, 1 left on base; Ellenburg 5 - Austin 6
TOP OF THE 9TH
Ellenburg Fighting Dachsunds batting - Pitching for Austin Black Mambas : RHP Francisco Esposo
Pitching: RHP Bobby Roode
Batting: RHB Dean Bush 0-0: Foul Ball, location: 2F
0-1: Ball
1-1: Swinging Strike
1-2: Foul Ball, location: 2F
1-2: SINGLE (Line Drive, 7LM, EV 105.6 MPH)
Pinch Hitting: LHB Sergio Morán 0-0: Grounds into double play, 6-4-3 (Groundball, 6, EV 98.1 MPH)
Batting: LHB Larry Moore 0-0: Swinging Strike
0-1: DOUBLE (Line Drive, 78XD, EV 105.6 MPH)
Pinch Hitting: RHB Jorge Japón 0-0: Called Strike
0-1: SINGLE (Groundball, 6MD, EV 95.0 MPH)
Larry Moore to third
Runner from 3rd tries for Home, SAFE, throw by CF to home
Batting: RHB Sze Qi 0-0: Ball
1-0: TRIPLE (Flyball, 8LXD, EV 88.1 MPH)
Jorge Japón scores
Batting: LHB Snow Wang 0-0: SINGLE (Groundball, 34D, EV 100.0 MPH)
Sze Qi scores
Batting: LHB Mike Johnstone 0-0: Foul Ball, location: 2F
0-1: Fielders Choice at 2nd, 5-4 (Groundball, 56, EV 98.8 MPH)
Top of the 9th over - 3 runs, 5 hits, 0 errors, 1 left on base; Ellenburg 8 - Austin 6
BOTTOM OF THE 9TH
Austin Black Mambas batting - Pitching for Ellenburg Fighting Dachsunds : LHP Riley Evans
Pitching: RHP Tim Sandaele
Now at C: Bill O'Halloran
Now at 2B: Zhen-bang Kwan
Now at 3B: Alexander Conley
Batting: RHB Cyrillo Watson 0-0: Called Strike
0-1: Foul Ball, location: 2F
0-2: Ball
1-2: Ball
2-2: Foul Ball, location: 2F
2-2: Ground out 6-3 (Groundball, 56, EV 90.6 MPH)
Batting: RHB Daniel Lindsey 0-0: Called Strike
0-1: Foul Ball, location: 2F
0-2: Strikes out swinging
Batting: RHB Doug Page 0-0: Called Strike
0-1: Foul Ball, location: 2F
0-2: Foul Ball, location: 2F
0-2: Strikes out swinging
Bottom of the 9th over - 0 runs, 0 hits, 0 errors, 0 left on base; Ellenburg 8 - Austin 6
Tuesday, January 5th, 2021 - OOTP Baseball 20.8 Build 74